SAAA
NAPERVILLE BATTLEKINGS @ TREMONT DOUBLEDAYS
05/21/2031
 
TOP OF THE 1ST
Naperville Battlekings batting - Pitching for Tremont Doubledays : LHP Mathieu Neri
Pitching: LHP Mathieu Neri
Batting: RHB Fernando Martínez 0-0: Called Strike
0-1: Foul Ball, location: 2F
0-2: Foul Ball, location: 2F
0-2: Ball
1-2: SINGLE (Groundball, 6MD)
Batting: RHB Jeb Sexton 0-0: Ball
1-0: Called Strike
1-1: Called Strike
1-2: Fly out, F4 (Popup, 4)
Batting: LHB Naohiro Sakai 0-0: Ball
1-0: Swinging Strike
1-1: Called Strike
Fernando Martínez steals 2nd base
1-2: Strikes out swinging wild pitch, reaches first!
Fernando Martínez to third
Batting: RHB Maik Palen 0-0: Ball
1-0: Fly out, F7 (Flyball, 7D)
Runner from 3rd tags up, SCORES, no throw
Batting: LHB Marcos Costa 0-0: Ball
1-0: Ball
2-0: Called Strike
2-1: Foul Ball, location: 2F
2-2: SINGLE (Line Drive, 7S)
Naohiro Sakai to second
Batting: RHB Carlos González 0-0: Called Strike
0-1: Called Strike
0-2: Foul Ball, location: 2F
0-2: Ball
1-2: Foul Ball, location: 2F
1-2: Fly out, F5 (Popup, 5SF)
Top of the 1st over - 1 run, 2 hits, 0 errors, 2 left on base; Naperville 1 - Tremont 0
BOTTOM OF THE 1ST
Tremont Doubledays batting - Pitching for Naperville Battlekings : RHP Alberto Mendoza
Pitching: RHP Alberto Mendoza
Batting: RHB Sheldon Deshotels 0-0: Foul Ball, location: 2F
0-1: Called Strike
0-2: SINGLE (Groundball, 34) (infield hit)
Batting: LHB Denis Jerningham 0-0: Ball
1-0: Ball
2-0: Fly out, F7 (Flyball, 7LSF)
Batting: RHB Sang Hong-Do 0-0: Grounds into double play, 5-4-3 (Groundball, 5)
Bottom of the 1st over - 0 runs, 1 hit, 0 errors, 0 left on base; Naperville 1 - Tremont 0
TOP OF THE 2ND
Naperville Battlekings batting - Pitching for Tremont Doubledays : LHP Mathieu Neri
Batting: SHB Alex Mable 0-0: Ball
1-0: Foul Ball, location: 2F
1-1: Swinging Strike
1-2: Fly out, F9 (Flyball, 89M)
Batting: RHB Berihun Tukufu 0-0: Ground out 6-3 (Groundball, 6)
Batting: RHB Maikel Cobblepot 0-0: Foul Ball, location: 2F
0-1: Foul Ball, location: 2F
0-2: Ball
1-2: Foul Ball, location: 2F
1-2: Foul Ball, location: 2F
1-2: Strikes out looking
Top of the 2nd over - 0 runs, 0 hits, 0 errors, 0 left on base; Naperville 1 - Tremont 0
BOTTOM OF THE 2ND
Tremont Doubledays batting - Pitching for Naperville Battlekings : RHP Alberto Mendoza
Batting: LHB Luis Velázquez 0-0: Called Strike
0-1: Ball
1-1: Ball
2-1: SINGLE (Groundball, 6D)
Batting: RHB Geoffrey Broekhuizen 0-0: Ball
1-0: Called Strike
1-1: Foul Ball, location: 2F
1-2: Foul Ball, location: 2F
1-2: Ball
2-2: Foul Ball, location: 2F
2-2: Fly out, F8 (Flyball, 8LXD)
Batting: RHB Andrés Gonzáles 0-0: Ball
1-0: Called Strike
1-1: Ground out 5-3 (Groundball, 56S)
Luis Velázquez to second
Batting: RHB Martín Méndez 0-0: Ball
1-0: Fly out, F9 (Flyball, 9LS)
Bottom of the 2nd over - 0 runs, 1 hit, 0 errors, 1 left on base; Naperville 1 - Tremont 0
TOP OF THE 3RD
Naperville Battlekings batting - Pitching for Tremont Doubledays : LHP Mathieu Neri
Batting: RHB Fernando Martínez 0-0: Called Strike
0-1: Ball
1-1: Fly out, F8 (Flyball, 8RD)
Batting: RHB Jeb Sexton 0-0: Ball
1-0: Fly out, F9 (Flyball, 9D)
Batting: LHB Naohiro Sakai 0-0: Ball
1-0: Called Strike
1-1: Ball
2-1: Ball
3-1: Base on Balls
Batting: RHB Maik Palen 0-0: Called Strike
0-1: Ball
1-1: Ball
2-1: Fly out, F4 (Popup, 4D)
Top of the 3rd over - 0 runs, 0 hits, 0 errors, 1 left on base; Naperville 1 - Tremont 0
BOTTOM OF THE 3RD
Tremont Doubledays batting - Pitching for Naperville Battlekings : RHP Alberto Mendoza
Batting: LHB Bryce Reilly 0-0: Ball
1-0: Ball
2-0: Ball
3-0: Base on Balls
Batting: RHB Jesús Quintana 0-0: Called Strike
0-1: Called Strike
0-2: Fielders Choice at 2nd, 6-4 (Groundball, 56)
Batting: RHB Sheldon Deshotels 0-0: Ball
1-0: Called Strike
1-1: Called Strike
1-2: Ball
2-2: Ball
3-2: Fielders Choice at 2nd, 4-6 (Groundball, 4)
Batting: LHB Denis Jerningham 0-0: Ball
1-0: Called Strike
1-1: Called Strike
Sheldon Deshotels steals 2nd base
1-2: Foul Ball, location: 2F
1-2: Ball
2-2: SINGLE (Groundball, 4MD)
Sheldon Deshotels to third
Runner from 3rd tries for Home, SAFE, throw made home
Batting: RHB Sang Hong-Do 0-0: Fly out, F3 (Popup, 3L)
Bottom of the 3rd over - 1 run, 1 hit, 0 errors, 1 left on base; Naperville 1 - Tremont 1
TOP OF THE 4TH
Naperville Battlekings batting - Pitching for Tremont Doubledays : LHP Mathieu Neri
Batting: LHB Marcos Costa 0-0: Foul Ball, location: 2F
0-1: Foul Ball, location: 2F
0-2: Strikes out swinging
Batting: RHB Carlos González 0-0: Ball
1-0: Fly out, F8 (Flyball, 89M)
Batting: SHB Alex Mable 0-0: Foul Ball, location: 2F
0-1: Swinging Strike
0-2: Ball
1-2: Ball
2-2: Foul Ball, location: 2F
2-2: Strikes out swinging
Top of the 4th over - 0 runs, 0 hits, 0 errors, 0 left on base; Naperville 1 - Tremont 1
BOTTOM OF THE 4TH
Tremont Doubledays batting - Pitching for Naperville Battlekings : RHP Alberto Mendoza
Batting: LHB Luis Velázquez 0-0: Ball
1-0: Called Strike
1-1: Swinging Strike
1-2: Ball
2-2: Ball
3-2: SINGLE (Line Drive, 78S)
Batting: RHB Geoffrey Broekhuizen 0-0: Ball
1-0: Fly out, F8 (Flyball, 8RM)
Batting: RHB Andrés Gonzáles 0-0: Ball
1-0: Ball
2-0: Ball
3-0: Called Strike
3-1: Called Strike
3-2: Ground out 4-3 (Groundball, 4M)
Luis Velázquez to second
Batting: RHB Martín Méndez 0-0: Ball
1-0: Ball
2-0: Called Strike
2-1: Ball
3-1: Ground out 6-3 (Groundball, 6S)
Bottom of the 4th over - 0 runs, 1 hit, 0 errors, 1 left on base; Naperville 1 - Tremont 1
TOP OF THE 5TH
Naperville Battlekings batting - Pitching for Tremont Doubledays : LHP Mathieu Neri
Batting: RHB Berihun Tukufu 0-0: Called Strike
0-1: Foul Ball, location: 2F
0-2: Strikes out swinging
Batting: RHB Maikel Cobblepot 0-0: SINGLE (Flyball, 8LS)
Batting: RHB Fernando Martínez 0-0: Ball
Maikel Cobblepot steals 2nd base
1-0: Called Strike
1-1: Foul Ball, location: 2F
1-2: Fly out, F6 (Line Drive, 6)
Lined into DP, 6-4 (Line Drive, 6)
Top of the 5th over - 0 runs, 1 hit, 0 errors, 0 left on base; Naperville 1 - Tremont 1
BOTTOM OF THE 5TH
Tremont Doubledays batting - Pitching for Naperville Battlekings : RHP Alberto Mendoza
Batting: LHB Bryce Reilly 0-0: Ball
1-0: Ball
2-0: Ground out U3 (Groundball, 34S)
Batting: RHB Jesús Quintana 0-0: Called Strike
0-1: Ball
1-1: Swinging Strike
1-2: Strikes out swinging
Batting: RHB Sheldon Deshotels 0-0: Foul Ball, location: 2F
0-1: Ball
1-1: Ball
2-1: Called Strike
2-2: Foul Ball, location: 2F
2-2: DOUBLE (Flyball, 78D)
Batting: LHB Denis Jerningham 0-0: Ball
1-0: Ground out U3 (Groundball, 34)
Bottom of the 5th over - 0 runs, 1 hit, 0 errors, 1 left on base; Naperville 1 - Tremont 1
TOP OF THE 6TH
Naperville Battlekings batting - Pitching for Tremont Doubledays : LHP Mathieu Neri
Batting: RHB Jeb Sexton 0-0: Ball
1-0: Called Strike
1-1: Called Strike
1-2: Ball
2-2: Ground out 3-1 (Groundball, 34)
Batting: LHB Naohiro Sakai 0-0: Foul Ball, location: 2F
0-1: Ball
1-1: Foul Ball, location: 2F
1-2: Ball
2-2: Foul Ball, location: 2F
2-2: Ground out 5-3 (Groundball, 5)
Batting: RHB Maik Palen 0-0: Called Strike
0-1: Ball
1-1: Ball
2-1: Ball
3-1: Foul Ball, location: 2F
3-2: Base on Balls
Batting: LHB Marcos Costa 0-0: Ball
1-0: Ball
2-0: Ball
3-0: Base on Balls
Maik Palen to second
Batting: RHB Carlos González 0-0: Called Strike
0-1: Ball
1-1: Foul Ball, location: 2F
1-2: SINGLE (Groundball, 5S) (infield hit)
Maik Palen to third
Marcos Costa to second
Batting: SHB Alex Mable 0-0: Foul Ball, location: 2F
0-1: Fly out, F8 (Flyball, 89XD)
Top of the 6th over - 0 runs, 1 hit, 0 errors, 3 left on base; Naperville 1 - Tremont 1
BOTTOM OF THE 6TH
Tremont Doubledays batting - Pitching for Naperville Battlekings : RHP Alberto Mendoza
Batting: RHB Sang Hong-Do 0-0: Called Strike
0-1: Foul Ball, location: 2F
0-2: Ball
1-2: Ball
2-2: Ball
3-2: SINGLE (Groundball, 56D)
Batting: LHB Luis Velázquez 0-0: Ball
Sang Hong-Do steals 2nd base
1-0: Ball
2-0: Ground out 4-3 (Groundball, 4)
Sang Hong-Do to third
Batting: RHB Geoffrey Broekhuizen 0-0: Foul Ball, location: 2F
0-1: Ball
1-1: Called Strike
1-2: Strikes out swinging
Batting: RHB Andrés Gonzáles 0-0: Ball
1-0: Reached on error, E8 (Flyball, 8RM)
Sang Hong-Do scores
Batting: RHB Martín Méndez 0-0: Ball
1-0: Ball
2-0: Fly out, F8 (Flyball, 8LD)
Bottom of the 6th over - 1 run, 1 hit, 1 error, 1 left on base; Naperville 1 - Tremont 2
TOP OF THE 7TH
Naperville Battlekings batting - Pitching for Tremont Doubledays : LHP Mathieu Neri
Batting: RHB Berihun Tukufu 0-0: Ball
1-0: SINGLE (Flyball, 7LS)
Batting: RHB Maikel Cobblepot 0-0: Called Strike
0-1: Ball
1-1: Ball
2-1: Grounds into double play, 6-4-3 (Groundball, 6)
Batting: RHB Fernando Martínez 0-0: SINGLE (Groundball, 6MD)
Batting: RHB Jeb Sexton 0-0: Ball
1-0: Fly out, F8 (Flyball, 8LM)
Top of the 7th over - 0 runs, 2 hits, 0 errors, 1 left on base; Naperville 1 - Tremont 2
BOTTOM OF THE 7TH
Tremont Doubledays batting - Pitching for Naperville Battlekings : RHP Sixto Palaeios
Pitching: RHP Sixto Palaeios
Batting: LHB Bryce Reilly 0-0: Called Strike
0-1: Ball
1-1: Ball
2-1: Ball
3-1: Base on Balls
Batting: RHB Jesús Quintana 0-0: Swinging Strike
0-1: Called Strike
0-2: Ball
1-2: Strikes out looking
Batting: RHB Sheldon Deshotels 0-0: Ball
1-0: Called Strike
1-1: Ball
2-1: Called Strike
2-2: Ball
3-2: Strikes out swinging
Batting: LHB Denis Jerningham 0-0: Ball
1-0: Ball
2-0: Foul Ball, location: 2F
2-1: SINGLE (Groundball, 4MD)
Bryce Reilly to second
Runner from 2nd tries for 3rd, SAFE, no throw
Batting: RHB Sang Hong-Do 0-0: Ball
1-0: Ball
2-0: Called Strike
2-1: Ball
3-1: Swinging Strike
3-2: DOUBLE (Line Drive, 7LM)
Bryce Reilly scores
Denis Jerningham to third
Denis Jerningham scores
Pitching: LHP Kris Ross
Batting: LHB Luis Velázquez 0-0: Called Strike
0-1: Swinging Strike
0-2: Strikes out swinging
Bottom of the 7th over - 2 runs, 2 hits, 0 errors, 1 left on base; Naperville 1 - Tremont 4
TOP OF THE 8TH
Naperville Battlekings batting - Pitching for Tremont Doubledays : LHP Mathieu Neri
Pitching: RHP Les Edwards
Batting: LHB Naohiro Sakai 0-0: Foul Ball, location: 2F
0-1: Foul Ball, location: 2F
0-2: SINGLE (Groundball, 34D)
Batting: RHB Maik Palen 0-0: Called Strike
0-1: Ball
1-1: Ball
2-1: Grounds into double play, 5-4-3 (Groundball, 5)
Batting: LHB Marcos Costa 0-0: Swinging Strike
0-1: Called Strike
0-2: Ground out U3 (Groundball, 3)
Top of the 8th over - 0 runs, 1 hit, 0 errors, 0 left on base; Naperville 1 - Tremont 4
BOTTOM OF THE 8TH
Tremont Doubledays batting - Pitching for Naperville Battlekings : LHP Kris Ross
Batting: RHB Geoffrey Broekhuizen 0-0: Called Strike
0-1: Ball
1-1: Swinging Strike
1-2: Ball
2-2: Strikes out looking
Batting: RHB Andrés Gonzáles 0-0: Ball
1-0: Called Strike
1-1: SINGLE (Flyball, 78S)
Batting: RHB Martín Méndez 0-0: Ball
1-0: Swinging Strike
1-1: Ball
Andrés Gonzáles steals 2nd base
2-1: Intentional Walk
Batting: LHB Bryce Reilly 0-0: Called Strike
0-1: Ball
1-1: Ball
2-1: Ball
3-1: Base on Balls
Andrés Gonzáles to third
Martín Méndez to second
Batting: RHB Jesús Quintana 0-0: Swinging Strike
0-1: Foul Ball, location: 2F
0-2: Grounds into fielders choice 4-2 (Groundball, 4)
Martín Méndez to third
Bryce Reilly to second
Batting: RHB Sheldon Deshotels 0-0: Ball
1-0: Ball
2-0: Ground out 4-3 (Groundball, 4)
Bottom of the 8th over - 0 runs, 1 hit, 0 errors, 3 left on base; Naperville 1 - Tremont 4
TOP OF THE 9TH
Naperville Battlekings batting - Pitching for Tremont Doubledays : RHP Les Edwards
Pitching: RHP Alonso Martínez
Batting: RHB Carlos González 0-0: Ball
1-0: Swinging Strike
1-1: Ball
2-1: Fly out, F3 (Popup, 3SF)
Batting: SHB Alex Mable 0-0: Ball
1-0: Ball
2-0: Called Strike
2-1: Ground out 4-3 (Groundball, 4)
Batting: RHB Berihun Tukufu 0-0: Ball
1-0: Called Strike
1-1: Called Strike
1-2: Strikes out looking
Top of the 9th over - 0 runs, 0 hits, 0 errors, 0 left on base; Naperville 1 - Tremont 4
Tuesday, June 12th, 2018 - OOTP Baseball 18.8 Build 76